 Dungeon Crawl Stone Soup version 0.31-a0-360-gb3e1d13bf4 (webtiles) character file.

Game seed: 11680814615591803900

13664 Newt the Carver (level 12, -13/83 (85) HPs)
             Began as a Merfolk Fighter on July 26, 2023.
             Was an Elder of Hepliaklqana.
             Mangled by a pharaoh ant (30 damage)
             ... on level 2 of the Lair of Beasts.
             The game lasted 00:14:46 (8800 turns).

Newt the Carver (Merfolk Fighter)                   Turns: 8800, Time: 00:14:47

HP:   -13/83 (85)   AC: 10    Str: 16    XL:     12   Next: 8%
MP:   18/18         EV: 15    Int: 14    God:    Hepliaklqana [****..]
Gold: 710           SH: 15    Dex: 18    Spells: 11/11 levels left

rFire   + . .        J - +5 scimitar
rCold   . . .        x - +0 kite shield
rNeg    . . .        y - +1 troll leather armour
rPois   +            v - +2 hat "Gac Sobe" {Slay+2 Stlth+}
rElec   .            g - scarf of Calculation {+Inv, Int+2}
rCorr   .            t - +2 pair of gloves of the Kappa {Int+4}
SInv    .            (no boots)
Will    .....        B - amulet of reflection
Stlth   ++++         k - ring of protection from fire
HPRegen 1.13/turn    r - ring of poison resistance
MPRegen 0.16/turn

%: reflection
@: studying Evocations, lightly drained
A: reduced essence, (nimble swimmer 2), mertail
a: Renounce Religion, Evoke Invisibility, Recall Ancestor, Ancestor Identity,
Transference, Idealise


You were on level 2 of the Lair of Beasts.
You worshipped Hepliaklqana.
Hepliaklqana was greatly pleased with you.
You visited 2 branches of the dungeon, and saw 11 of its levels.
You also visited: Sewer and Ossuary.

You collected 752 gold pieces.
You spent 42 gold pieces at shops.

Inventory:

Hand Weapons
 a - a +0 long sword
 f - a +5 dagger of draining
 E - a +3 short sword
 J - a +5 scimitar (weapon)
Armour
 b - a +0 scale mail
 c - a +0 buckler
 g - the scarf of Calculation (worn) {+Inv, Int+2}
   (You found it on level 2 of the Dungeon)

   Int:       It affects your intelligence (+2).
 t - the +2 pair of gloves of the Kappa (worn) {Int+4}
   (You found it on level 4 of the Dungeon)

   Int:       It affects your intelligence (+4).
 v - the +2 hat "Gac Sobe" (worn) {Slay+2 Stlth+}
   (You found it on level 5 of the Dungeon)

   Slay:      It affects your accuracy & damage with ranged weapons and melee
   (+2).
   Stlth:     It makes you more stealthy.
 x - a +0 kite shield (worn)
 y - a +1 troll leather armour (worn)
Jewellery
 k - a ring of protection from fire (left hand)
 r - a ring of poison resistance (right hand)
 B - an amulet of reflection (around neck)
 M - an amulet of the acrobat
Wands
 w - a wand of flame (39)
 z - a wand of charming (11)
 G - a wand of iceblast (10)
 L - a wand of mindburst (10)
Scrolls
 p - 4 scrolls of teleportation
 s - 3 scrolls of poison
 C - 2 scrolls of fog
 K - 3 scrolls of enchant armour
 N - a scroll of silence {unknown}
 O - a scroll of revelation
Potions
 d - 2 potions of might
 e - 4 potions of berserk rage
 h - 2 potions of invisibility
 i - 3 potions of brilliance
 j - 3 potions of attraction
 l - 8 potions of curing
 m - a potion of ambrosia
 n - 2 potions of magic
 o - 8 potions of heal wounds
 q - 2 potions of lignification
 u - a potion of mutation
 A - 2 potions of degeneration
 F - 2 potions of cancellation {unknown}
 H - a potion of resistance
 I - 3 potions of enlightenment {unknown}


   Skills:
 - Level 9.0 Fighting
 - Level 5.0(8.6) Short Blades
 + Level 11.0(11.4) Long Blades
 - Level 4.0 Armour
 - Level 8.0 Dodging
 - Level 6.0 Stealth
 - Level 6.0 Shields
 - Level 9.0 Invocations
 - Level 6.0 Evocations


You had 11 spell levels left.
You didn't know any spells.
Your spell library contained the following spells:

 Spells                   Type           Power      Damage    Failure   Level
 Summon Small Mammal      Summ           0%         N/A       65%         1
 Call Canine Familiar     Summ           0%         N/A       95%         3
 Ignite Poison            Fire/Tmut/Pois 0%         N/A       95%         3
 Summon Guardian Golem    Hex/Summ       0%         N/A       95%         3
 Manifold Assault         Tloc           0%         N/A       100%        4
 Sticky Flame             Conj/Fire      0%         2d3       100%        4
 Alistair's Intoxication  Tmut/Pois      0%         N/A       100%        5
 Borgnjor's Vile Clutch   Necr/Erth      0%         N/A       100%        5
 Dispersal                Tloc           0%         N/A       100%        6
 Eringya's Noxious Bog    Tmut/Pois      0%         4d6       100%        6
 Disjunction              Tloc           0%         N/A       100%        8
 Ignition                 Fire           0%         3d3       100%        8


Dungeon Overview and Level Annotations

Branches:
Dungeon (9/15)             Temple (0/1) D:4            Lair (2/5) D:9
 Shoals (0/4) Lair:2       Spider (0/4) Lair:2        Sewer (visited)
Ossuary (visited)
    Orc: D:9-12

Altars:
Cheibriados
Hepliaklqana
Nemelex Xobeh
Sif Muna
Trog
Uskayaw
Wu Jian
The Shining One

Shops:
D:2 [   D:5 !

Annotations:
D:4 2 transporters
D:6 3 runed translucent doors, deremet's ghost, amateur OpEE


Innate Abilities, Weirdness & Mutations

Your life essence is reduced to manifest your ancestor. (-10% HP)
((You are very nimble when in or above water. (Stealth+, EV+, Speed+++)))
Your lower body shifts to a powerful aquatic tail in water.


Message History

The jumping spider is severely wounded.
You block the jumping spider's attack.
The jumping spider bites you but does no damage.
Keminub points at the jumping spider and mumbles some strange words.
The jumping spider seems to slow down.
The jumping spider leaps!
You completely miss the jumping spider.
The jumping spider is severely wounded.
You block the jumping spider's attack. The jumping spider barely misses you.
The jumping spider leaps! x2; The pharaoh ant bites you!!
You feel drained.
You hit the tarantella.
You kill the tarantella!
Keminub gestures at the jumping spider while chanting.
The jumping spider seems to slow down.
The pharaoh ant bites you!!
* * * LOW HITPOINT WARNING * * *
Your Long Blades skill increases to level 11!
Unknown command.
You are too injured to fight recklessly!
Unknown command.
You swap places.
The pharaoh ant closely misses Keminub.
Keminub gestures at the jumping spider while chanting.
The jumping spider resists with significant effort.
The jumping spider pounces on you but does no damage.
You block the jumping spider's attack.
Unknown command.
The pharaoh ant bites Keminub!!
Keminub barely misses the pharaoh ant.
Keminub closely misses the pharaoh ant.
The pharaoh ant bites Keminub!!
Keminub is destroyed!
Unknown command.
You miss the jumping spider.
Unknown command.
You barely miss the jumping spider.
The jumping spider leaps!
The jumping spider pounces on you!
* * * LOW HITPOINT WARNING * * *
The jumping spider barely misses you.
Unknown command.
As you read the scroll of fear, it crumbles to dust.
You assume a fearsome visage.
The pharaoh ant is unaffected.
The jumping spider looks frightened!
The jumping spider leaps!
The pharaoh ant bites you!!
You die...

#......PPP###.....†.....
#....P.###..........#.##
..PP#####...P......[.# #
..##?##.....##.......P#
#.....(##..............
##..s...##.............
###...#...#...........
##....#.#.....#.....
####.°@#...#.....#..##
#....B##......P.#
#...#...s}..#.#...
...###°....##..# ..
.........#..
.......>.....#
.....#.......#.
...##.......## #P.
#...#...


You could see a pharaoh ant and a jumping spider (fleeing, slow).

Vanquished Creatures
  A boulder beetle (Lair:1)
  2 death yaks (D:8)
  A black mamba (Lair:1)
  2 cane toads (Lair:1)
  Maggie (Lair:1)
  A rime drake (Lair:1)
  A tarantella (Lair:2)
  20 yaks
  A basilisk (Lair:1)
  2 steam dragons (D:8)
  Duvessa (D:5)
  3 water moccasins
  2 orc warriors
  An ice beast (D:8)
  A black bear (D:4)
  3 sky beasts
  5 wolves (Lair:1)
  3 centaurs (Lair:2)
  A kobold brigand (D:8)
  A gnoll sergeant (D:9)
  6 bullfrogs
  5 scorpions
  4 wights (D:7)
  Dowan (D:5)
  3 killer bees (D:7)
  6 howler monkeys
  A hound (D:4)
  A jelly (D:6)
  2 orc priests
  3 iguanas
  Jessica (D:2)
  5 orc wizards
  5 mummies (Ossuary)
  4 gnolls (D:9)
  8 adders
  2 river rats (Sewer)
  3 shadow imps
  A white imp (D:7)
  An ufetubus (D:4)
  5 worms
  3 dart slugs
  36 orcs
  6 bats
  4 endoplasms
  5 giant cockroaches
  11 goblins
  3 hobgoblins
  9 kobolds
  2 quokkas (D:1)
  14 ball pythons
  11 frilled lizards
  A hobgoblin zombie (Ossuary)
  2 kobold zombies (Ossuary)
  3 orc zombies (Ossuary)
  20 rats
250 creatures vanquished.

Vanquished Creatures (collateral kills)
  A death yak (D:8)
  A komodo dragon (Lair:1)
  A hornet (Lair:1)
  9 yaks
  A basilisk (Lair:2)
  A water moccasin (Lair:1)
  2 orc warriors (D:9)
  An ice beast (D:8)
  A centaur (Lair:2)
  A bullfrog (D:8)
  A kobold brigand (D:7)
  A scorpion (D:5)
  3 killer bees (D:7)
  An orc priest (D:4)
  2 iguanas
  3 orc wizards
  3 mummies (Ossuary)
  A gnoll (D:9)
  An ufetubus (D:5)
  4 orcs
  A ball python (D:4)
  An endoplasm (D:4)
  2 kobolds
  2 hobgoblin zombies (Ossuary)
45 creatures vanquished.

Vanquished Creatures (others)
  4 hexers
4 creatures vanquished.

Grand Total: 299 creatures vanquished

Notes
Turn   | Place    | Note
-------+----------+-------------------------------------------
     0 | D:1      | Newt the Merfolk Fighter began the quest for the Orb.
     0 | D:1      | Reached XP level 1. HP: 18/18 MP: 1/1
   179 | D:1      | Reached XP level 2. HP: 18/25 MP: 2/2
   662 | D:1      | Reached skill level 3 in Long Blades
   847 | D:2      | Reached XP level 3. HP: 30/30 MP: 3/3
   884 | D:2      | Noticed Jessica
   897 | D:2      | Killed Jessica
   898 | D:2      | Reached skill level 4 in Long Blades
  1084 | D:2      | Reached XP level 4. HP: 32/37 MP: 4/4
  1411 | D:2      | Identified the scarf of Calculation {+Inv, Int+2}
  1529 | D:2      | Found Pitegg's Antique Armour Emporium.
  1600 | D:3      | Reached skill level 5 in Long Blades
  1620 | D:3      | Reached skill level 1 in Dodging
  1631 | D:3      | Found a glowing drain.
  1639 | D:3      | Found a hazy altar of Hepliaklqana.
  1672 | Sewer    | Entered a sewer
  1699 | Sewer    | Reached XP level 5. HP: 42/42 MP: 5/5
  2090 | D:3      | Became a worshipper of Hepliaklqana the Forgotten
  2195 | D:3      | Found a glowing golden altar of the Shining One.
  2282 | D:3      | Found a shimmering blue altar of Sif Muna.
  2534 | D:4      | Found a sparkling altar of Nemelex Xobeh.
  2539 | D:4      | Found a transporter.
  2549 | D:4      | Found a hide-covered altar of Uskayaw.
  2587 | D:4      | Reached skill level 5 in Fighting
  2587 | D:4      | Reached XP level 6. HP: 27/51 MP: 6/6
  2700 | D:4      | Reached * piety under Hepliaklqana
  2776 | D:4      | Found a transporter.
  2817 | D:4      | Noticed a black bear
  2824 | D:4      | Killed a black bear
  2884 | D:4      | Identified the +2 pair of gloves of the Kappa {Int+4}
  2917 | D:4      | Reached skill level 1 in Stealth
  2925 | D:4      | Reached XP level 7. HP: 16/52 MP: 7/7
  2930 | D:4      | Found a staircase to the Ecumenical Temple.
  3318 | D:5      | Entered Level 5 of the Dungeon
  3322 | D:5      | Identified the +2 hat "Gac Sobe" {Slay+2 Stlth+}
  3474 | D:5      | Reached skill level 5 in Stealth
  3535 | D:5      | Reached skill level 1 in Short Blades
  3543 | D:5      | Found Behus's Distillery.
  3547 | D:5      | Bought a potion of curing for 42 gold pieces
  3676 | D:5      | Reached ** piety under Hepliaklqana
  3677 | D:5      | Remembered your ancestor Keminub as a hexer
  3784 | D:5      | Reached XP level 8. HP: 57/57 MP: 8/8
  3954 | D:5      | Noticed Duvessa
  3956 | D:5      | Noticed Dowan
  3970 | D:5      | Killed Duvessa
  4004 | D:5      | Killed Dowan
  4203 | D:6      | Found a runed translucent gate.
  4204 | D:6      | Found a runed translucent gate.
  4205 | D:6      | Found a runed translucent gate.
  4207 | D:6      | Noticed deremet's ghost (amateur OpEE)
  4350 | D:6      | Reached skill level 5 in Short Blades
  4952 | D:7      | Reached XP level 9. HP: 64/64 MP: 9/9
  5021 | D:7      | Found an ornate altar of the Wu Jian Council.
  5071 | D:7      | Found a sand-covered staircase.
  5091 | Ossuary  | Entered an ossuary
  5526 | D:7      | Reached *** piety under Hepliaklqana
  5872 | D:8      | Reached skill level 5 in Shields
  5969 | D:8      | Reached skill level 6 in Long Blades
  5975 | D:8      | Reached XP level 10. HP: 70/74 MP: 10/10
  5982 | D:8      | Reached skill level 7 in Long Blades
  5990 | D:8      | Reached skill level 8 in Long Blades
  6074 | D:8      | Reached skill level 9 in Long Blades
  6550 | D:8      | Found a snail-covered altar of Cheibriados.
  6586 | D:9      | Noticed a death yak
  6586 | D:9      | Found a staircase to the Lair.
  6588 | D:9      | Noticed a death yak
  6599 | D:8      | Killed a death yak
  6723 | D:9      | Noticed a death yak
  6743 | D:8      | Killed a death yak
  6744 | D:8      | Reached skill level 1 in Evocations
  6880 | D:8      | Killed a death yak
  6904 | D:9      | Reached XP level 11. HP: 75/80 MP: 11/11
  6910 | D:9      | Reached skill level 5 in Evocations
  7172 | D:9      | Reached skill level 1 in Invocations
  7207 | D:9      | Found a bloodstained altar of Trog.
  7549 | D:9      | Reached **** piety under Hepliaklqana
  7772 | Lair:1   | Entered Level 1 of the Lair of Beasts
  7828 | Lair:1   | Reached skill level 5 in Invocations
  7830 | Lair:1   | Noticed Maggie
  7835 | Lair:1   | Killed Maggie
  8069 | Lair:1   | Noticed a boulder beetle
  8086 | Lair:1   | Killed a boulder beetle
  8595 | Lair:2   | Found a staircase to the Shoals.
  8599 | Lair:2   | Reached skill level 10 in Long Blades
  8633 | Lair:2   | Reached XP level 12. HP: 85/85 MP: 18/18
  8788 | Lair:2   | Found a hole to the Spider Nest.
  8796 | Lair:2   | Reached skill level 11 in Long Blades
  8800 | Lair:2   | Mangled by a pharaoh ant

Illustrated notes

Levels and vault maps discovered:
D:1:      scummos_arrival_checkerplants, layout_basic
D:2:      layout_basic, serial_shops, nicolae_lakefront_shop,
          kennysheep_generic_room_6, uniq_jessica
D:3:      layout_rooms, nicolae_tso_carved_into_rock,
          nicolae_sif_muna_little_library, nicolae_hepliaklqana_hazy_memory,
          portal_sewer_entry_b
D:4:      layout_cave_pools, gammafunk_temple_overflow_arena,
          nicolae_uskayaw_suspiria, temple_hall
D:5:      wad_river_or_something, layout_loops_ring, serial_shops, shop,
          uniq_duvessa
D:6:      nicolae_cairo_tiling_large_dashed, layout_loops_ring,
          gammafunk_ghost_nasty_kobolds
D:7:      layout_basic, mainiacjoe_overflow_tiny_flanked,
          nicolae_ossuary_entry_false_entrances
D:8:      layout_loops_ring, kennysheep_mini_moat
D:9:      layout_basic, trog_three_pillars_becter, dpeg_lair_monsters
Lair:1:   layout_misc_corridors, wad_woods_road_04, grunt_megastairs_1,
          uniq_maggie
Lair:2:   layout_loops_ring, minmay_shoals_entry_centaurs,
          nicolae_spider_entry_lesser_pyramids, chequers_serial_rivers_small_b,
          hangedman_lair_unloving_vines

Skill      XL: |  1  2  3  4  5  6  7  8  9 10 11 12 |
---------------+-------------------------------------+-----
Fighting       | 4 5 6 7 9 |  9.0
Long Blades    | 3 4 5 6 9 10 11 | 11.0
Dodging        | 2 4 8 |  8.0
Stealth        | 2 6 |  6.0
Short Blades   | 2 5 |  5.0
Armour         | 4 |  4.0
Shields        | 6 |  6.0
Evocations     | 4 6 |  6.0
Invocations    | 9 |  9.0

Action                     |  1- 3 |  4- 6 |  7- 9 | 10-12 || total
---------------------------+-------+-------+-------+-------++-------
  Melee: Long sword        |    86 |    13 |       |       ||    99
         Dagger            |       |   209 |   200 |       ||   409
         Tailslap          |       |     1 |     1 |       ||     2
         Short sword       |       |       |    78 |       ||    78
         Scimitar          |       |       |    35 |   281 ||   316
 Invoke: Ancestor Life: He |       |       |     1 |       ||     1
    Use: Scroll            |     6 |     6 |     4 |     6 ||    22
         Potion            |       |     1 |       |     2 ||     3
   Stab: Sleeping          |       |       |     8 |     3 ||    11
         Confused          |       |       |    10 |    12 ||    22
         Distracted        |       |       |     3 |     5 ||     8
 Armour: Scale mail        |    39 |    69 |    29 |       ||   137
         Troll leather arm |       |       |    35 |    42 ||    77
  Dodge: Dodged            |    33 |    72 |    88 |    93 ||   286
  Block: Buckler           |    28 |    38 |    47 |       ||   113
         Kite shield       |       |       |    37 |   175 ||   212
         Reflection        |       |       |       |     2 ||     2

Table legend: (Time is in decaauts)
 A = Elapsed time spent in this place.
 B = Non-inter-level travel time spent in this place.
 C = Inter-level travel time spent in this place.
 D = Time resting spent in this place.
 E = Time spent auto-exploring this place.
 F = Levels seen in this place.
 G = Mean time per level.
                   A        B        C        D        E       F      G
               +--------+--------+--------+--------+--------+-----+--------+
         Total |   8711 |   8389 |    322 |    730 |   5812 |  13 |  670.1 |
       Dungeon |   7167 |   6856 |    311 |    730 |   4751 |   9 |  796.3 |
          Lair |   1028 |   1018 |     10 |      0 |    742 |   2 |  514.0 |
         Sewer |    343 |    343 |      0 |      0 |    222 |   1 |  343.0 |
       Ossuary |    171 |    171 |      0 |      0 |     97 |   1 |  171.0 |
               +--------+--------+--------+--------+--------+-----+--------+

Top non-repeatable levels by time:
     D:8: 1050 daAuts
     D:9: 890 daAuts
     D:5: 853 daAuts
     D:2: 852 daAuts
     D:4: 808 daAuts
     D:7: 789 daAuts
     D:1: 765 daAuts
     D:6: 652 daAuts
  Lair:1: 625 daAuts
     D:3: 504 daAuts
  Lair:2: 403 daAuts
   Sewer: 343 daAuts
 Ossuary: 171 daAuts
